 Dungeon Crawl Stone Soup version 0.26.1-2-gb8aa6d0cf2 (webtiles) character file.

Game seed: 8750519197623937131

1365 nightchill the Grappler (level 8, -2/70 HPs)
             Began as a Ghoul Gladiator on Mar 20, 2021.
             Was a Believer of Okawaru.
             Slain by a boulder beetle (24 damage)
             ... on level 6 of the Dungeon.
             The game lasted 00:11:11 (4833 turns).

nightchill the Grappler (Ghoul Gladiator)           Turns: 4833, Time: 00:11:12

Health: -2/70      AC: 10    Str: 20    XL:     8   Next: 65%
Magic:  17/19      EV: 14    Int:  3    God:    Okawaru [**....]
Gold:   360        SH:  0    Dex: 10    Spells: 7/7 levels left

rFire    . . .     SeeInvis .     - Unarmed
rCold    + . .     Faith    .   (no shield)
rNeg     + + +     Spirit   .   E - +1 acid dragon scales
rPois    ∞         Reflect  .   b - +0 helmet
rElec    .         Harm     .   (no cloak)
rCorr    +         Rampage  .   o - +0 pair of gloves
Will     +....                  (no boots)
Stlth    ++........             (no amulet)
HPRegen  0.00/turn              m - ring of willpower
MPRegen  0.16/turn              A - ring of magical power

@: heroism
A: claws 1, cold resistance 1, negative energy resistance 3, inhibited
regeneration, torment resistance, unbreathing
a: Renounce Religion, Heroism


You were on level 6 of the Dungeon.
You worshipped Okawaru.
Okawaru was pleased with you.
You visited 1 branch of the dungeon, and saw 7 of its levels.

You collected 360 gold pieces.

Inventory:

Missiles
 c - 3 throwing nets (quivered)
 l - 82 stones
Armour
 a - a +0 leather armour
 b - a +0 helmet (worn)
 g - a +0 ring mail
 o - a +0 pair of gloves (worn)
 E - +1 acid dragon scales (worn)
Jewellery
 m - a ring of willpower (left hand)
 x - an uncursed ring of wizardry
 A - a ring of magical power (right hand)
Wands
 r - a wand of flame (15)
 t - a wand of paralysis (5)
Scrolls
 e - 3 scrolls of remove curse {unknown}
 h - 4 scrolls of fog {unknown}
 j - a scroll of enchant armour {unknown}
 k - 6 scrolls of identify {unknown}
 p - 4 scrolls of magic mapping {unknown}
 y - 4 scrolls of teleportation {unknown}
 C - a scroll of random uselessness {unknown}
Potions
 d - 3 potions of haste {unknown}
 f - 3 potions of curing {unknown}
 i - 2 potions of invisibility {unknown}
 n - a potion of berserk rage {unknown}
 q - 2 potions of might {unknown}
 s - 3 potions of brilliance {unknown}
 u - a potion of lignification {unknown}
 v - a potion of resistance
 w - a potion of heal wounds
 z - 3 potions of degeneration {unknown}
 B - a potion of magic {unknown}
 D - a potion of ambrosia {unknown}
 F - a potion of attraction {unknown}


   Skills:
 + Level 6.1(11.1) Fighting
 - Level 1.7(6.7) Throwing
 - Level 2.6(7.6) Dodging
 * Level 8.8(13.8) Unarmed Combat
 + Level 5.0 Invocations


You had 7 spell levels left.
You didn't know any spells.
Your spell library was empty.

Dungeon Overview and Level Annotations

Branches:
Dungeon (7/15)
 Temple: D:4-7

Altars:
Cheibriados
Okawaru
Zin
The Shining One

Shops:
D:4 *

Annotations:
D:5 exclusion: downstairs


Innate Abilities, Weirdness & Mutations

You thrive by killing the living.
You are immune to poison.
You have sharp fingernails.
Your flesh is cold resistant. (rC+)
You are immune to negative energy. (rN+++)
You do not regenerate when monsters are visible.
You are immune to unholy pain and torment.
You can survive without breathing.


Message History

You pummel the boulder beetle!!
The boulder beetle is moderately wounded.
The boulder beetle hits you!!
The boulder beetle stops rolling and uncurls.
You barely miss the boulder beetle.
The boulder beetle is moderately wounded.
The boulder beetle bites you.
You hit the boulder beetle but do no damage.
The boulder beetle is moderately wounded.
The boulder beetle closely misses you.
You punch the boulder beetle!
The boulder beetle is moderately wounded.
You hit the boulder beetle but do no damage.
The boulder beetle is moderately wounded.
The boulder beetle bites you!
* * * LOW HITPOINT WARNING * * *
You hit the boulder beetle but do no damage.
The boulder beetle is moderately wounded.
The boulder beetle bites you!!
You die...

.......#...##
##.....#....#
............##
##...........## ###
#.............# ##.##
#.............####...#
##...........##......#
#...................##
.........#.....B@...#
........###.....#.###
.......###.......##
........##.......#
.##...#########..#
.#.....# #### ........
.......# ......##


You could see a boulder beetle.

Vanquished Creatures
  Maggie (D:6)
  An ice beast (D:6)
  A sky beast (D:5)
  3 ogres
  2 scorpions (D:4)
  A howler monkey (D:5)
  4 hounds (D:6)
  An orc priest (D:5)
  An iguana (D:5)
  2 orc wizards
  Ijyb (D:3)
  4 worker ants
  Robin (D:3)
  3 adders
  A white imp (D:5)
  An ooze (D:2)
  4 worms
  3 leopard geckos
  8 orcs
  8 bats
  4 giant cockroaches
  18 goblins
  8 hobgoblins
  7 jackals
  4 quokkas
  A ball python (D:5)
  2 frilled lizards
  5 kobolds
  A leopard gecko skeleton (D:5)
  A quokka skeleton (D:6)
  4 rats
106 creatures vanquished.

Notes
Turn   | Place    | Note
-------+----------+-------------------------------------------
     0 | D:1      | nightchill the Ghoul Gladiator began the quest for the Orb.
     0 | D:1      | Reached XP level 1. HP: 17/17 MP: 0/0
   302 | D:1      | Reached XP level 2. HP: 25/25 MP: 1/1
   855 | D:2      | Reached skill level 4 in Unarmed Combat
   969 | D:2      | Reached XP level 3. HP: 29/30 MP: 2/2
  1258 | D:2      | Found a glowing golden altar of the Shining One.
  1396 | D:2      | Found an iron altar of Okawaru.
  1462 | D:2      | Became a worshipper of Warmaster Okawaru
  1734 | D:3      | Reached XP level 4. HP: 38/38 MP: 3/3
  2127 | D:3      | Noticed Ijyb
  2154 | D:3      | Killed Ijyb
  2377 | D:3      | Reached skill level 1 in Invocations
  2382 | D:3      | Reached skill level 5 in Unarmed Combat
  2384 | D:3      | Noticed Robin
  2412 | D:3      | Killed Robin
  2420 | D:3      | Reached XP level 5. HP: 44/45 MP: 4/4
  2786 | D:4      | Found Zin's Purification Station.
  2786 | D:4      | Found a glowing silver altar of Zin.
  2849 | D:4      | Noticed an ogre
  2874 | D:4      | Killed an ogre
  2875 | D:4      | Reached XP level 6. HP: 49/52 MP: 6/6
  2887 | D:4      | Reached skill level 6 in Unarmed Combat
  2950 | D:4      | You fall into a shaft and drop 3 floors!
  3000 | D:6      | Reached * piety under Okawaru
  3090 | D:5      | Entered Level 5 of the Dungeon
  3280 | D:4      | Reached XP level 7. HP: 45/60 MP: 8/8
  4042 | D:5      | Reached skill level 7 in Unarmed Combat
  4136 | D:5      | Reached skill level 5 in Fighting
  4432 | D:6      | Noticed Maggie
  4565 | D:6      | Reached ** piety under Okawaru
  4566 | D:6      | Reached XP level 8. HP: 61/68 MP: 10/10
  4624 | D:6      | Killed Maggie
  4625 | D:6      | Reached skill level 8 in Unarmed Combat
  4632 | D:6      | Reached *** piety under Okawaru
  4633 | D:6      | Reached skill level 5 in Invocations
  4638 | D:6      | Found a snail-covered altar of Cheibriados.
  4800 | D:6      | Noticed a boulder beetle
  4833 | D:6      | Slain by a boulder beetle

Illustrated notes

Levels and vault maps discovered:
D:1:      roderic_dead_forest, layout_loops_ring, minivault_14,
          serial_park_tiny_1
D:2:      layout_rooms, kennysheep_okawaru_gauntlet,
          nicolae_tso_carved_into_rock, grunt_ministairs_13
D:3:      layout_basic, nicolae_overflow_hidden_temple, nrook_mini_backslash,
          minmay_misc_feat_five, uniq_robin, uniq_ijyb
D:4:      cheibrodos_quashed, layout_rooms, zin_purify
D:5:      layout_loops_corners
D:6:      layout_cave_pools, lemuel_crystal_altar,
          gammafunk_temple_overflow_elements, uniq_maggie
D:7:      layout_cave_pools, nzn_hepliaklqana_mist_gate, lemuel_round_altar,
          minmay_temple_entry_stoned_glass, grunt_ministairs_2,
          uniq_crazy_yiuf_cottage

Skill      XL: |  1  2  3  4  5  6  7  8 |
---------------+-------------------------+-----
Unarmed Combat | 4 5 6 7 8 |  8.8
Fighting       | 3 4 5 6 |  6.1
Invocations    | 1 2 3 4 5 |  5.0
Throwing       | |  1.7
Dodging        | |  2.6

Action                   |  1- 3 |  4- 6 |  7- 9 || total
-------------------------+-------+-------+-------++-------
Melee: Unarmed           |   120 |   176 |   156 ||   452
       Punch             |     2 |     4 |     6 ||    12
Throw: Stone             |     8 |     2 |       ||    10
       Throwing net      |       |     1 |       ||     1
Invok: Heroism           |       |       |     4 ||     4
 Stab: Held in net/web   |       |     3 |       ||     3
Armor: Leather armour    |    14 |       |       ||    14
       Ring mail         |    32 |    48 |    33 ||   113
Dodge: Dodged            |    70 |    86 |    94 ||   250
